Map: Помечтай РВ

Players

DeusVult - Winner!

  • Race: Protoss Protoss
  • League: Master
  • Spawn Location: 1:00

TossDEADRace

  • Race: Protoss Protoss
  • League: Master
  • Spawn Location: 7:00

VOD

Have the link to the VOD?

Description

Time

  • Played on: July 23, 2020, 8:26 a.m.
  • Length: 5:56
Show
View Real Time Build Order
Export as new Build Order

DeusVult Protoss - Winner!

Build Orders:  

Get SALT Encoding   

  12  0:01  Probe  
  13  0:13  Probe  
  14  0:17  Pylon  
  14  0:22  Probe  
  15  0:31  Probe  
  15  0:38  Gateway  
  15  0:41  Probe  
  16  0:45  Assimilator  
  17  0:53  Probe  
  17  0:54  Assimilator  
  18  1:01  Probe  
  18  1:07  Gateway  
  18  1:09  Probe  
  20  1:19  Probe  
  21  1:26  Cybernetics Core  
  21  1:35  Pylon  
  21  1:39  Probe  
  22  1:51  Probe  
  23  2:04  Stalker  
  23  2:05  Stalker  
  27  2:15  Robotics Facility  
  27  2:21  Warp Gate  
  27  2:33  Stalker  
  27  2:35  Stalker  
  31  2:42  Pylon  
  31  3:03  Robotics Bay  
  31  3:05  Warp Prism  
  33  3:13  Stalker  
  35  3:21  Stalker  
  37  3:28  Pylon  
  37  3:44  Disruptor  
  37  3:47  Gateway  
  40  4:11  Disruptor  
  40  4:12  Pylon  
  40  4:17  Stalker x2  
  47  4:40  Pylon  
  47  4:47  Adept  
  47  4:48  Adept x2  
  53  5:08  Adept x2, Pylon  
  53  5:11  Adept  
  59  5:19  Disruptor  
  62  5:31  Adept  
  62  5:34  Adept  
  60  5:53  Adept x2  
Show
View Real Time Build Order
Export as new Build Order

TossDEADRace Protoss 

Build Orders:  

Get SALT Encoding   

  12  0:01  Probe  
  13  0:13  Probe  
  14  0:16  Pylon  
  14  0:23  Probe  
  15  0:31  Probe  
  16  0:38  Gateway  
  16  0:39  Probe  
  16  0:48  Assimilator  
  17  0:51  Probe  
  18  1:01  Probe, Assimilator  
  19  1:09  Probe  
  19  1:13  Gateway  
  19  1:17  Probe  
  21  1:25  Cybernetics Core  
  21  1:30  Probe  
  22  1:36  Pylon  
  22  1:42  Probe  
  23  1:52  Warp Gate  
  23  1:54  Probe  
  24  2:02  Stalker x2  
  24  2:05  Pylon  
  28  2:08  Probe  
  29  2:22  Probe  
  30  2:38  Nexus  
  30  2:40  Sentry  
  32  2:49  Robotics Facility  
  32  2:56  Adept  
  34  3:07  Pylon  
  34  3:20  Shield Battery  
  34  3:28  Immortal  
  34  3:30  Shield Battery, Probe  
  35  3:40  Sentry  
  35  3:41  Sentry  
  43  3:45  Probe  
  43  3:47  Probe  
  45  3:55  Probe  
  45  3:57  Probe  
  47  4:05  Probe, Sentry  
  47  4:07  Observer  
  47  4:09  Probe  
  52  4:10  Pylon  
  52  4:21  Probe  
  52  4:22  Stalker  
  55  4:28  Warp Prism  
  57  4:36  Stalker  
  59  4:41  Probe  
  59  4:44  Probe  
  61  4:47  Observer  
  59  4:54  Stalker  
  61  5:04  Probe x2, Gateway  
  61  5:05  Gateway  
  63  5:09  Stalker  
  63  5:10  Gateway  
  65  5:25  Stalker  
  67  5:33  Pylon  
  67  5:36  Pylon  
  61  5:46  Stalker  
  61  5:53  Stalker  
Tags
 
Add a new tag
Caveats
  • Supply blocks, unpowered buildings, or Contaminate may cause inaccurate times.
  • Supply counts are checked every 10 seconds.